 Dungeon Crawl Stone Soup version 0.27.1-16-g815e20cd7a (webtiles) character file.

Game seed: 10793989670975705702

68 McKennaii the Magician (level 4, 0/33 HPs)
             Began as a Djinni Warper on Nov 21, 2021.
             Was an Initiate of Makhleb.
             Slain by an orc (2 damage)
             ... on level 3 of the Dungeon.
             The game lasted 00:03:34 (3041 turns).

McKennaii the Magician (Djinni Warper)              Turns: 3041, Time: 00:03:34

Health: 0/33       AC:  4    Str: 10    XL:     4   Next: 41%
Gold:   21         EV: 12    Int: 16    God:    Makhleb [......] SH:  0 Dex: 12

rFire    + + .     SeeInvis .   a - +0 falchion
rCold    x . .     Faith    .   (no shield)
rNeg     . . .     Spirit   .   b - +0 leather armour
rPois    ∞         Reflect  .   (no helmet)
rElec    .         Harm     .   i - +0 cloak
rCorr    .         Rampage  .   (no gloves)
Will     .....                  (boots unavailable)
Stlth    +.........             (no amulet)
HPRegen  0.11/turn              (no ring)
MPRegen  0.00/turn              (no ring)

@: flying
A: sickness immunity, fire resistance 2, cold vulnerability 1, float, innate
caster, hp casting, extra vitality 1
a: Renounce Religion


You were on level 3 of the Dungeon.
You worshipped Makhleb.
Makhleb was noncommittal.
You visited 1 branch of the dungeon, and saw 3 of its levels.

You collected 21 gold pieces.

Inventory:

Hand Weapons
 a - a +0 falchion (weapon)
Missiles
 d - 5 boomerangs of dispersal (quivered)
 l - 5 boomerangs
Armour
 b - a +0 leather armour (worn)
 i - a +0 cloak (worn)
Scrolls
 c - a scroll of blinking
 e - a scroll of torment {unknown}
 g - 2 scrolls of amnesia {unknown}
 h - a scroll of enchant weapon {unknown}
 k - 2 scrolls of magic mapping {unknown}
Potions
 f - a potion of curing {unknown}
 j - 2 potions of haste {unknown}
 m - a potion of attraction {unknown}


   Skills:
 * Level 2.2 Fighting
 + Level 2.6 Long Blades
 + Level 0.7 Throwing
 + Level 1.4 Armour
 * Level 2.5 Dodging
 + Level 0.1 Stealth
 * Level 3.0 Spellcasting


You couldn't memorise any spells.
You knew the following spells:

 Your Spells              Type           Power      Damage    Failure   Level
a - Blink                 Tloc           N/A        N/A       11%         2
b - Lesser Beckoning      Tloc           6%         N/A       22%         3
c - Gell's Gravitas       Tloc           6%         N/A       22%         3
d - Teleport Other        Tloc           12%        N/A       22%         3
e - Manifold Assault      Tloc           12%        N/A       89%         5
f - Animate Skeleton      Necr           24%        N/A       7%          1
Your spell library was empty.

Dungeon Overview and Level Annotations

Branches:
Dungeon (3/15)

Altars:
Ashenzari
Hepliaklqana
Makhleb
Nemelex Xobeh
Ru

Shops:
D:1 [

Annotations:
D:1 Terence


Innate Abilities, Weirdness & Mutations

You are immune to sickness and miasma.
You are immune to poison.
Your flesh is very heat resistant. (rF++)
You are vulnerable to cold. (rC-)
You float through the air rather than walking.
You learn spells naturally, not from books.
Your magical power is your life essence.
You have superior vitality. (+4 HP)


Message History

You are too injured to fight recklessly!
You are too injured to fight recklessly!
You hit the ball python.
You kill the ball python!
Makhleb accepts your kill.
There is a stone staircase leading up here.
A worm is nearby!
You need no library to learn spells.
Unknown command.
Unknown command.
An orc and an orc wizard come into view.
The orc is wielding a +1 hand axe of freezing.
The orc wizard shouts!
The orc shouts!
An orc comes into view. It is wielding a +0 flail.
The orc moves out of view.
The orc shouts!
A dart slug comes into view.
You miss the orc wizard. The orc wizard misses you.
You barely miss the orc wizard.
The orc wizard hits you with a +0 dagger.
The orc closely misses you.
You closely miss the orc wizard.
The orc wizard points at you and mumbles some strange words.
The puff of flame hits you. You resist. The orc closely misses you.
You closely miss the orc wizard.
The orc wizard hits you with a +0 dagger.
The orc hits you with a +0 flail. The orc wizard casts a spell at you.
The magic dart hits you!
* * * LOW HITPOINT WARNING * * *
You closely miss the orc wizard. The orc hits you with a +0 flail.
* * * LOW HITPOINT WARNING * * *
The orc wizard barely misses you.
You riposte.
You barely miss the orc wizard. The orc barely misses you.
Unknown command.
You closely miss the orc wizard.
The orc wizard hits you with a +0 dagger.
* * * LOW HITPOINT WARNING * * *
The orc hits you with a +0 flail.
You die...

..... ♣. #.# ###..##
.....####.###.###..>##
#.................##
#......###......#.#####
#......# ##...#....<..#
#.....w###..#####.###..
#..........## ###...###
###....oo##### #.....# #
#......o@# #.._..#
##.#......# #..8_w##
..........########.._...##
##......................
###..#### ####......#
#.....# ######.#
##..###.#############.#
.................w......
###...######..###########


You could see an orc wizard, a dart slug and 2 orcs.

Vanquished Creatures
  3 adders (D:2)
  A dart slug (D:2)
  7 ball pythons
  An endoplasm (D:1)
  4 giant cockroaches
  2 hobgoblins
  A quokka (D:2)
  5 bats
  9 frilled lizards
  A goblin (D:1)
  4 kobolds (D:1)
  5 rats
43 creatures vanquished.

Vanquished Creatures (others)
  7 plants (D:2)
7 creatures vanquished.

Grand Total: 50 creatures vanquished

Notes
Turn   | Place    | Note
-------+----------+-------------------------------------------
     0 | D:1      | McKennaii the Djinni Warper began the quest for the Orb.
     0 | D:1      | Reached XP level 1. HP: 18/18 MP: 0/0
   140 | D:1      | Reached XP level 2. HP: 23/23 MP: 0/0
   776 | D:1      | Found Hotey's Antique Armour Shop.
   920 | D:1      | Reached XP level 3. HP: 28/28 MP: 0/0
   920 | D:1      | Learned a level 1 spell: Animate Skeleton
  1354 | D:2      | Noticed Terence
  2048 | D:2      | Reached skill level 3 in Spellcasting
  2220 | D:2      | Reached XP level 4. HP: 29/33 MP: 0/0
  2800 | D:3      | Found a hazy altar of Hepliaklqana.
  2800 | D:3      | Found a sparkling altar of Nemelex Xobeh.
  2803 | D:3      | Found a sacrificial altar of Ru.
  2845 | D:3      | Found a broken altar of Ashenzari.
  2846 | D:3      | Found a burning altar of Makhleb.
  2865 | D:3      | Became a worshipper of Makhleb the Destroyer
  3041 | D:3      | Slain by an orc

Illustrated notes

Levels and vault maps discovered:
D:1:      lemuel_arrival_funnel, layout_loops_corners, serial_shops, shop
D:2:      layout_basic, minmay_misc_feat_chi, minmay_lizard_king, uniq_terence
D:3:      layout_rooms, gammafunk_temple_overflow_statue,
          chequers_temple_overflow_statue_of_worship,
          hellmonk_ecumenical_altar_watching_god, minmay_tree_intersection

Skill      XL: |  1  2  3 |
---------------+----------+-----
Long Blades    | 2 |  2.6
Spellcasting   | 3 |  3.0
Fighting       | |  2.2
Throwing       | |  0.7
Armour         | |  1.4
Dodging        | |  2.5
Stealth        | |  0.1

Action                   |  1- 3 |  4- 6 || total
-------------------------+-------+-------++-------
Melee: Falchion          |   108 |    37 ||   145
 Stab: Sleeping          |     2 |       ||     2
Armor: Leather armour    |    42 |    15 ||    57
Dodge: Dodged            |    65 |    34 ||    99
       Rpst.: Falchion   |    21 |     6 ||    27
